 Dungeon Crawl Stone Soup version 0.32-a0-441-gaf4921d101 (webtiles) character file.

Game seed: 13476895768691386313

10440 Essalna the Arsonist (level 11, 0/66 HPs)
             Began as a Deep Elf Fire Elementalist on Feb 23, 2024.
             Was a Priest of Vehumet.
             Slain by a very large slime creature (56 damage)
             ... on level 11 of the Dungeon.
             The game lasted 00:19:31 (10834 turns).

Essalna the Arsonist (Deep Elf Fire Elementalist)  Turns: 10834, Time: 00:19:32

Health: 0/66       AC: 12    Str: 11    XL:     11   Next: 36%
Magic:  2/22       EV: 16    Int: 27    God:    Vehumet [***...]
Gold:   298        SH:  5    Dex: 19    Spells: 12/22 levels left

rFire   + . .        m - +4 mace of Diet Blood {flame, rPois SInv}
rCold   + . .        H - +0 buckler
rNeg    + . .        t - +4 robe of Augmentation {Str+4 Int+4 Dex+4}
rPois   +            i - +0 helmet
rElec   .            (no cloak)
rCorr   .            E - +0 pair of gloves
SInv    +            (no boots)
Will    +....        x - amulet of regeneration
Stlth   +++          r - +4 ring of protection
HPRegen 1.11/turn    L - ring "Qif Matu" {rF+ rC+ rN+ Stlth+}
MPRegen 0.18/turn

%: no passive effects
@: no status effects
A: no striking features
a: Renounce Religion


You were on level 11 of the Dungeon.
You worshipped Vehumet.
Vehumet was most pleased with you.
You visited 2 branches of the dungeon, and saw 12 of its levels.

You collected 975 gold pieces.
You spent 677 gold pieces at shops.

Inventory:

Hand Weapons
 m - the +4 mace of Diet Blood (weapon) {flame, rPois SInv}
   (You found it on level 2 of the Dungeon)

   rPois:     It protects you from poison SInv: It lets you see invisible.
 I - the +4 flail of the Wolf {flame, rC+ Int+2}
   (You found it on level 9 of the Dungeon)

   Int+2:     It affects your intelligence (+2).
   rC+:       It protects you from cold.
Missiles
 c - a throwing net
Armour
 a - a +0 robe
 i - a +0 helmet (worn)
 t - the +4 robe of Augmentation (worn) {Str+4 Int+4 Dex+4}
   (You found it on level 4 of the Dungeon)

   Str+4:     It affects your strength (+4).
   Int+4:     It affects your intelligence (+4).
   Dex+4:     It affects your dexterity (+4).
 E - a +0 pair of gloves (worn)
 H - a +0 buckler (worn)
Magical Staves
 f - a staff of air
Jewellery
 e - an amulet of reflection
 r - a +4 ring of protection (left hand)
 x - an amulet of regeneration (around neck)
 B - a ring of resist corrosion
 J - a ring of flight
 L - the ring "Qif Matu" (right hand) {rF+ rC+ rN+ Stlth+}
   (You bought it in a shop on level 10 of the Dungeon)

   [ring of protection from cold]

   rF+:       It protects you from fire.
   rC+:       It protects you from cold.
   rN+:       It protects you from negative energy.
   Stlth+:    It makes you more stealthy.
Wands
 z - a wand of flame (42)
 C - a wand of paralysis (8)
 F - a wand of iceblast (8)
Scrolls
 b - 3 scrolls of blinking
 d - a scroll of amnesia
 g - a scroll of immolation
 k - 3 scrolls of revelation
 o - 5 scrolls of poison
 u - 4 scrolls of teleportation
 v - a scroll of fear {unknown}
 y - 5 scrolls of identify
 K - a scroll of enchant weapon {unknown}
Potions
 h - 2 potions of lignification {unknown}
 j - a potion of attraction {unknown}
 l - 3 potions of heal wounds {unknown}
 n - a potion of invisibility {unknown}
 p - 5 potions of curing
 q - 3 potions of enlightenment {unknown}
 s - a potion of might {unknown}
 w - a potion of experience {unknown}
 A - a potion of cancellation {unknown}
 D - a potion of brilliance {unknown}
 G - a potion of magic


   Skills:
 + Level 6.6 Fighting
 - Level 5.0 Armour
 - Level 8.0 Dodging
 - Level 2.4 Stealth
 + Level 3.9 Shields
 - Level 6.0 Spellcasting
 - Level 8.0 Conjurations
 + Level 9.9 Fire Magic
 + Level 4.4 Earth Magic


You had 12 spell levels left.
You knew the following spells:

 Your Spells              Type           Power      Damage    Failure   Level
a - Foxfire               Conj/Fire      100%       2x1d9     1%          1
b - Scorch                Fire           100%       2d9       1%          2
c - Flame Wave            Conj/Fire      54%        2d13      1%          4
d - Stone Arrow           Conj/Erth      82%        3d12      1%          3

Your spell library contained the following spells:

 Spells                   Type           Power      Damage    Failure   Level
 Ignite Poison            Fire/Alch      34%        N/A       3%          4
 Shock                    Conj/Air       100%       1d9       1%          1
 Static Discharge         Conj/Air       58%        3-6/arc   1%          2
 Inner Flame              Hex/Fire       34%        N/A       1%          3
 Volatile Blastmotes      Fire/Tloc      68%        2d15      1%          3
 Slow                     Hex            32%        N/A       9%          1
 Lee's Rapid Deconstruct  Erth           15%        3d10*     11%         5
 Irradiate                Conj/Alch      14%        3d16      13%         5
 Call Imp                 Summ           16%        N/A       14%         2
 Sublimation of Blood     Necr           8%         N/A       14%         2
 Airstrike                Air            4%         2d(1-17)  22%         4
 Confusing Touch          Hex            8%         N/A       26%         3
 Sigil of Binding         Hex            8%         N/A       26%         3
 Swiftness                Air            8%         N/A       26%         3
 Vampiric Draining        Necr           8%         2d6       26%         3
 Animate Armour           Summ/Erth      40%        N/A       36%         4
 Petrify                  Alch/Erth      20%        N/A       36%         4
 Summon Lightning Spire   Summ/Air       8%         N/A       65%         4
 Summon Forest            Summ/Tloc      4%         N/A       94%         5
 Summon Mana Viper        Hex/Summ       8%         N/A       94%         5
 Summon Cactus Giant      Summ           4%         N/A       100%        6
 Summon Hydra             Summ           4%         N/A       100%        7


Dungeon Overview and Level Annotations

Branches:
Dungeon (11/15)            Temple (1/1) D:6             Orc (0/2) D:11
   Lair: D:8-11

Altars:
Ashenzari
Cheibriados
Dithmenos
Elyvilon
Fedhas
Gozag
Hepliaklqana
Kikubaaqudgha
Makhleb
Nemelex Xobeh
Okawaru
Qazlal
Ru
Sif Muna
Trog
Uskayaw
Vehumet
Wu Jian
Xom
Yredelemnul
Zin
The Shining One

Shops:
D:5 *   D:8 [   D:10 =


Message History

Casting: Scorch (safe; 1% risk of failure)
Confirm with . or Enter, or press ? or * to list all spells.
Flames lash the large slime creature.
The large slime creature is burned terribly!
The large slime creature is almost dead.
The large slime creature hits you!
Casting: Scorch (safe; 1% risk of failure)
Confirm with . or Enter, or press ? or * to list all spells.
Flames lash the slime creature.
The slime creature is moderately wounded.
The slime creature's fire resistance burns away.
Two slime creatures merge to form a very large slime creature.
Casting: Scorch (safe; 1% risk of failure)
Confirm with . or Enter, or press ? or * to list all spells.
Casting: Flame Wave (dangerous; 1% risk of failure)
Press: ? - help, Dir - look around, f - activate A wave of flame ripples out!
The flame wave engulfs the very large slime creature!!!
The very large slime creature is burned terribly!
The very large slime creature is almost dead. (Press . to intensify the flame waves.)
A very large slime creature splits.
Two slime creatures merge to form a very large slime creature.
The slime creature attacks as it pursues you!
The slime creature misses you.
The slime creature attacks as it pursues you!
The slime creature hits you!
Casting: Flame Wave (dangerous; 1% risk of failure)
Confirm with . or Enter, or press ? or * to list all spells.
You don't have enough magic to cast this spell.
You sock the slime creature! You burn the slime creature.
The slime creature is almost dead.
You block the slime creature's attack.
You hit the slime creature. You burn the slime creature.
You kill the slime creature!
Vehumet accepts your kill.
The very large slime creature attacks as it pursues you!
The very large slime creature hits you!!!
Ouch! That really hurt!
You die...

########### # #######
#.........# .
#.....#######@........#
.###.###.'....##J........#
.#..<#...####......).....#
.#.###.#.# ####..)).....#
.....#...# #......[..#.
##'####### #...........
#.>.### #.........##
###...# ####..##### ###.#
##..>#


You could see a very large slime creature (combustible).

Vanquished Creatures
  A two-headed ogre (D:10)
  The ghost of Oneirical the Missionary, a novice FeHW of Beogh (D:9)
  Joseph (D:9)
  A komodo dragon (D:8)
  Grinder (D:3)
  A hornet (D:9)
  Prince Ribbit (D:5)
  Sigmund (D:5)
  2 slime creatures (D:11)
  A ynoxinul (D:9)
  A shadow (D:10)
  18 yaks
  A steam dragon (D:9)
  Grum (D:10)
  Menkaure (D:6)
  2 acid dragons
  6 orc warriors
  An ice beast (D:3)
  2 black bears
  A sky beast (D:7)
  2 ogres
  2 centaurs (D:7)
  2 wolves (D:10)
  4 kobold brigands
  An elf zombie (D:8)
  8 scorpions
  A bullfrog (D:8)
  7 wights (D:8)
  5 killer bees (D:7)
  2 howler monkeys
  2 centaur zombies (D:8)
  4 hounds
  2 gnoll boudas
  A jelly (D:6)
  8 orc priests
  4 sleepcaps
  3 iguanas
  4 orc wizards
  7 scorpion zombies (D:8)
  A killer bee zombie (D:8)
  2 ogre zombies (D:8)
  A hound zombie (D:8)
  A howler monkey zombie (D:8)
  7 gnolls
  4 adders
  A shadow imp (D:6)
  2 white imps
  2 dart slugs
  A ribbon worm (D:3)
  27 orcs
  7 ball pythons
  7 bats
  4 endoplasms
  3 giant cockroaches
  5 goblins
  5 hobgoblins
  4 jackals
  24 kobolds
  7 quokkas
  2 frilled lizards (D:2)
  2 rats (D:2)
233 creatures vanquished.

Vanquished Creatures (others)
  An orc (D:8)
  849 foxfires
850 creatures vanquished.

Grand Total: 1083 creatures vanquished

Notes
Turn   | Place    | Note
-------+----------+-------------------------------------------
     0 | D:1      | Essalna the Deep Elf Fire Elementalist began the quest for
                  | the Orb.
     0 | D:1      | Reached XP level 1. HP: 10/10 MP: 6/6
   299 | D:1      | Reached XP level 2. HP: 15/15 MP: 0/8
  1086 | D:2      | Identified the +4 mace of Diet Blood {flame, rPois SInv}
  1318 | D:3      | Reached XP level 3. HP: 19/19 MP: 5/10
  1324 | D:3      | Learned a level 2 spell: Scorch
  1386 | D:3      | Noticed Grinder
  1390 | D:3      | Paralysed by Grinder for 2 turns
  1393 | D:3      | Paralysed by Grinder for 3 turns
  1450 | D:3      | Found a faded altar of an unknown god.
  1497 | D:3      | Noticed an ogre
  1503 | D:3      | Killed an ogre
  1504 | D:3      | Reached skill level 4 in Fire Magic
  1504 | D:3      | Reached XP level 4. HP: 24/24 MP: 4/12
  1643 | D:3      | Learned a level 4 spell: Flame Wave
  1719 | D:3      | Killed Grinder
  1720 | D:3      | Reached skill level 1 in Fighting
  1720 | D:3      | Reached skill level 1 in Armour
  1720 | D:3      | Reached skill level 5 in Spellcasting
  1720 | D:3      | Reached XP level 5. HP: 18/29 MP: 3/14
  1720 | D:3      | Reached XP level 6. HP: 21/34 MP: 3/15
  1945 | D:3      | Noticed an ice beast
  1949 | D:3      | Killed an ice beast
  2550 | D:4      | Reached skill level 5 in Fire Magic
  2659 | D:4      | Reached XP level 7. HP: 38/38 MP: 10/17
  3422 | D:4      | Found the +4 robe of Augmentation {Str+4 Int+4 Dex+4}
  3547 | D:5      | Entered Level 5 of the Dungeon
  3791 | D:5      | Noticed Sigmund
  3794 | D:5      | Killed Sigmund
  3795 | D:5      | Reached XP level 8. HP: 45/45 MP: 12/19
  3938 | D:5      | Found a shimmering altar of Xom.
  3977 | D:5      | Noticed an angel
  3981 | D:5      | Found a glowing silver altar of Zin.
  4174 | D:5      | Found Worriut's General Store.
  4183 | D:5      | Bought a potion of curing for 33 gold pieces
  4276 | D:5      | Noticed Prince Ribbit
  4285 | D:5      | Killed Prince Ribbit
  4286 | D:5      | Reached skill level 5 in Dodging
  4286 | D:5      | Reached skill level 5 in Conjurations
  4286 | D:5      | Reached skill level 6 in Fire Magic
  4383 | D:5      | Found a bloodstained altar of Trog.
  4694 | D:5      | Found a broken altar of Ashenzari.
  5272 | D:6      | Found an ancient bone altar of Kikubaaqudgha.
  5416 | D:6      | Noticed Menkaure
  5424 | D:6      | Killed Menkaure
  5658 | D:6      | Found a staircase to the Ecumenical Temple.
  5715 | Temple   | Entered the Ecumenical Temple
  5796 | D:6      | Reached XP level 9. HP: 51/51 MP: 14/20
  6397 | D:7      | Reached skill level 7 in Fire Magic
  6603 | D:7      | Found a stormy altar of Qazlal.
  6742 | D:7      | Found a radiant altar of Vehumet.
  6762 | D:7      | Became a worshipper of Vehumet
  6957 | D:7      | Found a glowing golden altar of the Shining One.
  7539 | D:8      | Reached * piety under Vehumet
  7539 | D:8      | Offered knowledge of Sandblast by Vehumet.
  7656 | D:8      | Reached XP level 10. HP: 58/58 MP: 16/21
  7737 | D:8      | Reached skill level 5 in Fighting
  7737 | D:8      | Reached skill level 8 in Fire Magic
  7975 | D:8      | Found an ancient bone altar of Kikubaaqudgha.
  8017 | D:8      | Reached skill level 5 in Armour
  8179 | D:8      | Offered knowledge of Momentum Strike by Vehumet.
  8184 | D:8      | Reached ** piety under Vehumet
  8441 | D:8      | Found Jud Taba's Armour Emporium.
  8462 | D:8      | Found a basalt altar of Yredelemnul.
  8664 | D:9      | Identified the +4 flail of the Wolf {flame, rC+ Int+2}
  8719 | D:9      | Reached skill level 1 in Shields
  8741 | D:9      | Offered knowledge of Stone Arrow by Vehumet.
  8746 | D:9      | Learned a level 3 spell: Stone Arrow
  8890 | D:9      | Reached skill level 1 in Earth Magic
  8892 | D:9      | Reached skill level 9 in Fire Magic
  8892 | D:9      | Reached *** piety under Vehumet
  8981 | D:9      | Noticed Oneirical's ghost (novice FeHW)
  8985 | D:9      | Found a runed translucent door.
  9028 | D:9      | Killed Oneirical's ghost
  9029 | D:9      | Reached XP level 11. HP: 59/64 MP: 15/22
  9350 | D:9      | Found an opulent altar of Gozag.
  9459 | D:9      | Noticed Joseph
  9484 | D:9      | Killed Joseph
  9751 | D:10     | Entered Level 10 of the Dungeon
  9881 | D:10     | Offered knowledge of Ignite Poison by Vehumet.
 10185 | D:10     | Noticed a two-headed ogre
 10190 | D:10     | Killed a two-headed ogre
 10210 | D:10     | Noticed Grum
 10220 | D:10     | Killed Grum
 10507 | D:10     | Found a sacrificial altar of Ru.
 10592 | D:10     | Found Guxu Ocachu's Jewellery Boutique.
 10602 | D:10     | Bought the ring "Qif Matu" {rF+ rC+ rN+ Stlth+} for 644
                  | gold pieces
 10724 | D:11     | Found a staircase to the Orcish Mines.
 10834 | D:11     | Slain by a very large slime creature

Illustrated notes

Levels and vault maps discovered:
D:1:      minmay_arrival_diagonal_passages, layout_rooms, serial_aquarium,
          aquarium_bridge_square [aquarium_subvault_bridge,
          aquarium_subvault_balcony, aquarium_subvault_balcony,
          aquarium_subvault_bridge], aquarium_window_fake, aquarium_window_1,
          aquarium_window_fake, aquarium_window_1, aquarium_view_2b,
          aquarium_balcony_double_4, aquarium_pool_1
D:2:      layout_basic, nrook_campfire, hangedman_abyss_or_decor_stabs
D:3:      layout_rooms, chequers_ecumenical_altar_simple, lemuel_flame_loot_1,
          uniq_grinder
D:4:      layout_loops_cross
D:5:      layout_layer_cave, mainiacjoe_overflow_alcove_2, marbit_many_paths,
          grunt_temple_overflow_order_and_chaos_1, serial_shops,
          nicolae_shop_tiny_waterfront, serial_glass, glass_columns_b,
          glass_columns_a, kennysheep_generic_room_15, uniq_sigmund,
          uniq_prince_ribbit1
D:6:      layout_loops_ring, mainiacjoe_overflow_paths,
          minmay_temple_entry_junction_2, minivault_14, uniq_menkaure
D:7:      layout_loops_corners, vehumet_altar_wand_db, kennysheep_little_box,
          kennysheep_mini_moat, serial_glass, glass_columns_a, glass_columns_a,
          glass_columns_a, glass_columns_b, glass_columns_a, glass_columns_a,
          glass_columns_c, glass_columns_a, glass_columns_b, glass_columns_b,
          glass_columns_c, glass_columns_a, glass_columns_c, glass_columns_b,
          minmay_strange_pillars, due_unseen_surprise, lightli_minifort
D:8:      layout_rooms, nicolae_overflow_hidden_temple, serial_shops,
          nicolae_lakefront_shop, minmay_misc_feat_enclosed, grunt_ministairs_2,
          chequers_serial_rivers_small_a, roadster_capsule_ark_zombie
D:9:      layout_small_grid, grunt_gozag_breadcrumbs, hellmonk_ghost_big_iron,
          uniq_joseph
D:10:     layout_basic, nicolae_ru_the_path_less_chosen, serial_shops, shop,
          uniq_grum
D:11:     layout_roguey, hellmonk_lair_entry_icy, orc_0_dummy,
          serial_bayou_pond_b, nicolae_dithmenos_through_a_glass_darkly
Temple:   chequers_temple_sunken

Skill      XL: |  1  2  3  4  5  6  7  8  9 10 11 |
---------------+----------------------------------+-----
Conjurations   | 2 3 4 5 7 8 |  8.0
Spellcasting   | 4 5 6 |  6.0
Fire Magic     | 4 5 6 7 9 |  9.9
Fighting       | 1 2 3 4 6 |  6.6
Armour         | 1 2 3 4 5 |  5.0
Dodging        | 3 4 6 7 8 |  8.0
Shields        | 3 |  3.9
Earth Magic    | 3 4 |  4.4
Stealth        | |  2.4

Action                     |  1- 3 |  4- 6 |  7- 9 | 10-12 || total
---------------------------+-------+-------+-------+-------++-------
  Melee: Unarmed           |     5 |       |       |       ||     5
         Mace              |     5 |       |    51 |    45 ||   101
   Cast: Foxfire           |    81 |    94 |   278 |    51 ||   504
         Scorch            |       |       |    24 |    31 ||    55
         Flame Wave        |       |       |     6 |    32 ||    38
         Stone Arrow       |       |       |       |     1 ||     1
    Use: Potion            |       |       |     2 |       ||     2
         Scroll            |       |       |     6 |       ||     6
 Armour: Robe              |    16 |     3 |    78 |    77 ||   174
  Dodge: Dodged            |    18 |     2 |   110 |   104 ||   234
  Block: Other             |     7 |     1 |     8 |       ||    16
         Buckler           |       |       |       |    14 ||    14

Table legend: (Time is in decaauts)
 A = Elapsed time spent in this place.
 B = Non-inter-level travel time spent in this place.
 C = Inter-level travel time spent in this place.
 D = Time resting spent in this place.
 E = Time spent auto-exploring this place.
 F = Levels seen in this place.
 G = Mean time per level.
                   A        B        C        D        E       F      G
               +--------+--------+--------+--------+--------+-----+--------+
         Total |  10876 |  10488 |    388 |    101 |   8898 |  12 |  906.3 |
       Dungeon |  10874 |  10486 |    388 |    101 |   8898 |  11 |  988.5 |
        Temple |      1 |      1 |      0 |      0 |      0 |   1 |    1.0 |
               +--------+--------+--------+--------+--------+-----+--------+

Top non-repeatable levels by time:
     D:5: 1605 daAuts
     D:7: 1501 daAuts
     D:8: 1101 daAuts
     D:3: 1095 daAuts
     D:4: 1092 daAuts
     D:9: 1091 daAuts
     D:6: 942 daAuts
    D:10: 931 daAuts
     D:1: 699 daAuts
     D:2: 661 daAuts
    D:11: 152 daAuts
  Temple: 1 daAuts
